 Dungeon Crawl Stone Soup version 0.24-a0-525-g9231cdcba1 (webtiles) character file.

Game seed: 2037309484036791090

36110 Peloso the Peltast (level 13, -1/117 HPs)
             Began as a Minotaur Fighter on Aug 3, 2019.
             Was the Champion of Okawaru.
             Killed by divine providence
             ... invoked by a meliai
              (13 damage)
             ... on level 13 of the Dungeon.
             The game lasted 00:45:48 (14839 turns).

Peloso the Peltast (Minotaur Fighter)              Turns: 14839, Time: 00:45:49

Health: -1/117     AC: 25    Str: 26    XL:     13   Next: 51%
Magic:  0/13       EV: 13    Int:  5    God:    Okawaru [******]
Gold:   1296       SH: 17    Dex: 12    Spells: 12/12 levels left

rFire    x . .     SeeInvis .   a - +3 demon blade (vamp)
rCold    + . .     Gourm    .   c - +1 shield
rNeg     . . .     Faith    .   u - +0 plate armour
rPois    .         Spirit   +   (helmet restricted)
rElec    .         Reflect  .   Z - scarf {Spirit}
rCorr    .         Harm     .   e - +2 pair of gloves
MR       .....                  X - +2 pair of boots {run}
Stlth    ..........             A - amulet of the acrobat
HPRegen  0.29/turn              V - ring of ice
MPRegen  0.13/turn              S - +2 ring of strength

@: about to teleport, heroism, very slightly contaminated, quick
A: retaliatory headbutt, horns 2
a: Heroism, Finesse, Renounce Religion


You were on level 13 of the Dungeon.
You worshipped Okawaru.
Okawaru was exalted by your worship.
You were not hungry.

You visited 3 branches of the dungeon, and saw 18 of its levels.
You also visited: Gauntlet.

You collected 1296 gold pieces.

Inventory:

Hand Weapons
 a - a +3 vampiric demon blade (weapon)
 b - a +4 scimitar
 z - a +1 whip of flaming
Armour
 c - a +1 shield (worn)
 e - a +2 pair of gloves (worn)
 u - a +0 plate armour (worn)
 N - a +0 chain mail
 X - a +2 pair of boots of running (worn)
 Z - a scarf of spirit shield (worn)
Jewellery
 i - an uncursed ring of poison resistance {unknown}
 q - a +1 ring of protection
 s - an uncursed ring of fire
 t - an uncursed ring of protection from fire {unknown}
 A - an amulet of the acrobat (around neck)
 S - a +2 ring of strength (right hand)
 V - a ring of ice (left hand)
Wands
 j - a wand of acid (7)
 l - a wand of polymorph (8)
 x - a wand of enslavement (11)
Scrolls
 g - 3 scrolls of amnesia
 h - a scroll of brand weapon {unknown}
 m - a scroll of fog
 p - 3 scrolls of magic mapping
 r - 10 scrolls of remove curse
 y - 2 scrolls of vulnerability {unknown}
 B - 2 scrolls of teleportation
 E - a scroll of summoning {unknown}
 F - a scroll of enchant armour
 G - 2 scrolls of acquirement {unknown}
 K - a scroll of fear
 P - a scroll of torment {unknown}
 Q - a scroll of enchant weapon {unknown}
Potions
 d - a potion of might
 k - 4 potions of flight
 n - 7 potions of heal wounds
 o - a potion of resistance
 w - 5 potions of curing
 C - a potion of mutation
 D - a potion of agility
 I - 2 potions of berserk rage
Miscellaneous
 v - a fan of gales
 H - a phial of floods
Comestibles
 f - 22 rations
 L - 9 chunks of flesh


   Skills:
 + Level 11.6(16.6) Fighting
 + Level 14.6(19.6) Long Blades
 + Level 2.9(7.9) Maces & Flails
 + Level 12.0(17.0) Armour
 + Level 5.3(10.3) Dodging
 + Level 1.4(6.4) Stealth
 + Level 15.1(20.1) Shields
 + Level 1.6 Invocations
 + Level 2.1 Evocations


You had 12 spell levels left.
You didn't know any spells.
Your spell library contained the following spells:

 Spells                   Type           Power        Failure   Level  Hunger
 Corona                   Hex            #......      97%         1    ##.....
 Summon Small Mammal      Summ           #...         97%         1    ##.....
 Corpse Rot               Necr           N/A          99%         2    ###....
 Ensorcelled Hibernation  Hex/Ice        #.....       99%         2    ###....
 Confuse                  Hex            #.......     100%        3    ####...
 Conjure Flame            Conj/Fire      #.......     100%        3    ####...
 Dazzling Spray           Conj/Hex       #.....       100%        3    ####...
 Stone Arrow              Conj/Erth      #.....       100%        3    ####...
 Summon Guardian Golem    Hex/Summ       #.......     100%        3    ####...
 Tukima's Dance           Hex            #.......     100%        3    ####...
 Leda's Liquefaction      Hex/Erth       #.........   100%        4    #####..
 Summon Ice Beast         Ice/Summ       #.......     100%        4    #####..
 Summon Forest            Summ/Tloc      #.........   100%        5    ######.
 Hydra Form               Tmut           #.........   100%        6    #######
 Ring of Flames           Chrm/Fire      #.........   100%        7    #######
 Summon Hydra             Summ           #.........   100%        7    #######


Dungeon Overview and Level Annotations

Branches:
Dungeon (13/15)            Temple (1/1) D:4            Lair (4/6) D:11
  Swamp (0/4) Lair:4       Spider (0/4) Lair:3          Orc (0/2) D:10
 Vaults: D:13-14

Altars:
Dithmenos
Kikubaaqudgha
Okawaru
Vehumet
Xom
Yredelemnul

Shops:
D:5 %=   D:11 %

Annotations:
D:6 3 runed translucent doors, Debik's ghost, novice GrEE
D:11 4 runed translucent doors


Innate Abilities, Weirdness & Mutations

You reflexively headbutt those who attack you in melee.
You have a pair of horns on your head.


Message History

The orc knight is healed somewhat.
Unknown command.
You barely miss the orc knight.
The orc knight is lightly wounded.
You feel yourself speed up.
The orc knight hits you with a +2 dire flail of crushing!
* * * LOW HITPOINT WARNING * * *
x2 Blink to where?
Press: ? - help, Dir - move target cursor You are very lightly contaminated with residual magic.
As you read the scroll of blinking, it crumbles to dust.
The orc knight unwields a +2 dire flail of crushing.
The orc knight wields a +0 arbalest.
The orc knight shoots a bolt.
The bolt hits you!
* * * LOW HITPOINT WARNING * * *
As you read the scroll of teleportation, it crumbles to dust.
You feel strangely unstable.
The meliai invokes the aid of its god against you.
Something smites you!
You die...

#..(.# ... ...
###e######.#..#.#
#(.§(.o........
#oy...o........
#o######.#..#.# ####
#§# .....c. .§§#
#.## .#..#.# ##§##
####..# o#..# #
§§§§# ######..@..#
## .#
§§§.#####......###)#
.# §§..'.)...######
#.# .§..####### #.#
.§..# #.# ##### #.#
#.# #.# #.#


You could see an orc knight, a deep elf archer, a meliai and an orc priest.

Vanquished Creatures
  A minotaur (Gauntlet)
  Erolcha (D:11)
  A centaur warrior (D:13)
  3 hydras
  An ogre mage (D:13)
  4 two-headed ogres
  3 unseen horrors
  Pikel (D:6)
  2 ugly things
  2 manticores (D:12)
  A centaur zombie (D:11)
  Maurice (D:9)
  4 spiny frogs (Lair:3)
  A water nymph (shapeshifter) (Gauntlet)
  2 gargoyles
  6 komodo dragons
  2 rime drakes (Lair:4)
  An ice devil (Gauntlet)
  A yaktaur (shapeshifter) (D:11)
  2 polar bears
  4 trolls
  2 meliai (D:13)
  A jumping spider (Lair:3)
  A hornet (D:10)
  10 blink frogs
  3 hippogriffs
  2 bog bodies (Lair:4)
  3 slime creatures (D:12)
  A spriggan (shapeshifter) (Gauntlet)
  2 redbacks (Lair:3)
  Sigmund (D:4)
  A wyvern (D:11)
  10 yaks
  A basilisk (Lair:3)
  Menkaure (D:5)
  A steam dragon (D:8)
  4 hungry ghosts
  3 swamp worms (Gauntlet)
  A soldier ant (D:13)
  5 water moccasins
  5 ice beasts
  4 orc warriors
  9 porcupines
  5 sky beasts
  13 ogres
  4 black bears
  9 wolves
  7 centaurs
  A boggart (shapeshifter) (Gauntlet)
  A phantom (D:9)
  6 crocodiles
  A big kobold (D:7)
  Blork the orc (D:5)
  13 bullfrogs
  A gnoll sergeant (D:9)
  A wyvern skeleton (D:11)
  A water moccasin skeleton (D:12)
  6 scorpions
  18 killer bees
  4 wights (D:11)
  A howler monkey (D:13)
  3 crimson imps
  4 bullfrog zombies
  5 jellies
  2 centaur skeletons
  10 hounds
  2 gnoll shamans
  6 orc priests
  3 bullfrog skeletons
  An iguana (D:9)
  17 orc wizards
  13 worker ants
  A hound zombie (D:5)
  A howler monkey zombie (D:11)
  A worker ant zombie (D:11)
  16 gnolls
  9 adders
  2 shadow imps
  3 white imps (Gauntlet)
  5 oozes (D:8)
  An adder skeleton (D:9)
  An adder zombie (D:6)
  4 worms
  3 dart slugs
  8 leopard geckos
  46 orcs
  10 bats
  5 giant cockroaches
  4 goblins
  11 hobgoblins
  10 jackals
  5 quokkas
  A ball python (D:1)
  A ball python skeleton (D:5)
  5 frilled lizards
  8 kobolds
  10 rats
  3 fungi
  A plant (Lair:1)
449 creatures vanquished.

Vanquished Creatures (others)
  2 leopard geckos (D:6)
  10 fungi
12 creatures vanquished.

Grand Total: 461 creatures vanquished

Notes
Turn   | Place    | Note
-------+----------+-------------------------------------------
     0 | D:1      | Peloso the Minotaur Fighter began the quest for the Orb.
     0 | D:1      | Reached XP level 1. HP: 19/19 MP: 0/0
   166 | D:1      | Reached XP level 2. HP: 27/27 MP: 1/1
   240 | D:1      | Reached skill level 4 in Shields
   310 | D:1      | Reached XP level 3. HP: 23/33 MP: 2/2
   761 | D:2      | Reached skill level 1 in Dodging
   810 | D:2      | Reached XP level 4. HP: 38/40 MP: 3/3
  1956 | D:4      | Reached XP level 5. HP: 47/47 MP: 4/4
  2010 | D:3      | Reached skill level 5 in Shields
  2105 | D:4      | Reached XP level 6. HP: 52/53 MP: 5/5
  2214 | D:3      | Reached skill level 5 in Armour
  2238 | D:4      | Found a shadowy altar of Dithmenos.
  2276 | D:4      | Reached skill level 6 in Shields
  2375 | D:4      | Noticed Sigmund
  2383 | D:4      | Killed Sigmund
  2383 | D:4      | Reached skill level 5 in Long Blades
  2383 | D:4      | Reached XP level 7. HP: 60/60 MP: 6/6
  2435 | D:4      | Found a staircase to the Ecumenical Temple.
  2441 | Temple   | Entered the Ecumenical Temple
  2445 | Temple   | Became a worshipper of Warmaster Okawaru
  2625 | D:5      | Entered Level 5 of the Dungeon
  2632 | D:5      | Reached skill level 5 in Fighting
  2638 | D:5      | Noticed Blork the orc
  2646 | D:5      | Killed Blork the orc
  2672 | D:5      | Noticed Menkaure
  2677 | D:5      | Killed Menkaure
  2706 | D:5      | Found Fesa's Food Emporium.
  2726 | D:5      | Reached skill level 1 in Evocations
  2792 | D:5      | Reached skill level 7 in Shields
  2814 | D:5      | Reached * piety under Okawaru
  2822 | D:5      | Reached XP level 8. HP: 62/68 MP: 7/7
  2903 | D:5      | Found Zayrep's Jewellery Shoppe.
  3279 | D:6      | Noticed Pikel
  3308 | D:6      | Killed Pikel
  3308 | D:6      | Reached ** piety under Okawaru
  3308 | D:6      | Reached XP level 9. HP: 47/77 MP: 9/9
  3462 | D:6      | Found a radiant altar of Vehumet.
  3524 | D:6      | Found a runed translucent gate.
  3524 | D:6      | Found a runed translucent gate.
  3524 | D:6      | Found a runed translucent gate.
  3524 | D:6      | Noticed Debik's ghost (novice GrEE)
  3585 | D:6      | Reached skill level 8 in Shields
  3815 | D:6      | Noticed a gargoyle
  3834 | D:6      | Killed a gargoyle
  4114 | D:7      | Reached skill level 10 in Long Blades
  4244 | D:7      | Reached *** piety under Okawaru
  4244 | D:7      | Reached skill level 9 in Shields
  4935 | D:8      | Reached XP level 10. HP: 67/86 MP: 10/10
  5041 | D:8      | Reached skill level 10 in Shields
  6024 | D:9      | Noticed Maurice
  6032 | D:9      | Reached **** piety under Okawaru
  6081 | D:9      | Killed Maurice
  6405 | D:9      | Noticed a two-headed ogre
  6413 | D:9      | Killed a two-headed ogre
  6413 | D:9      | Reached skill level 11 in Shields
  6625 | D:10     | Entered Level 10 of the Dungeon
  6716 | D:10     | Noticed a two-headed ogre
  6736 | D:10     | Killed a two-headed ogre
  6736 | D:10     | Reached XP level 11. HP: 97/97 MP: 8/11
  6884 | D:10     | Reached ***** piety under Okawaru
  6956 | D:10     | Found a staircase to the Orcish Mines.
  7447 | D:11     | Found a large runed translucent door.
  7447 | D:11     | Found a large runed translucent door.
  7488 | D:11     | Noticed a tengu warrior
  7499 | D:11     | Found a large runed translucent door.
  7499 | D:11     | Found a large runed translucent door.
  7620 | D:11     | Noticed a red ugly thing
  7641 | D:11     | Killed a red ugly thing
  7811 | D:11     | Found a staircase to the Lair.
  7843 | D:11     | Reached skill level 12 in Shields
  7873 | D:11     | Killed an unseen horror
  8059 | D:11     | Noticed Erolcha
  8078 | D:11     | Killed Erolcha
  8078 | D:11     | Received a gift from Okawaru
  8415 | D:11     | Found Waergh's Food Boutique.
  8538 | D:11     | Killed an unseen horror
  8761 | D:12     | Reached skill level 10 in Armour
  8865 | D:12     | Noticed a two-headed ogre
  8886 | D:12     | Killed a two-headed ogre
  8886 | D:12     | Reached XP level 12. HP: 90/106 MP: 12/12
  8942 | D:12     | Reached skill level 10 in Fighting
  8948 | D:12     | Received a gift from Okawaru
  8948 | D:12     | Reached skill level 13 in Shields
  9674 | Lair:1   | Entered Level 1 of the Lair of Beasts
 10118 | Lair:1   | Reached skill level 1 in Stealth
 10861 | Lair:2   | Found a gate leading to a gauntlet.
 10871 | Gauntlet | Entered a Gauntlet
 10871 | Gauntlet | Found a transporter.
 10871 | Gauntlet | Found a transporter.
 10871 | Gauntlet | Found a transporter.
 10885 | Gauntlet | Found a transporter.
 10885 | Gauntlet | Found a transporter.
 10894 | Gauntlet | Found a transporter.
 10896 | Gauntlet | Found a transporter.
 10909 | Gauntlet | Found a transporter.
 10919 | Gauntlet | Found a large runed translucent door.
 10919 | Gauntlet | Noticed a death yak
 10919 | Gauntlet | Noticed a death yak
 10920 | Gauntlet | Found a large runed translucent door.
 10920 | Gauntlet | Noticed a death yak
 10921 | Gauntlet | Found a large runed translucent door.
 10921 | Gauntlet | Found a large runed translucent door.
 10922 | Gauntlet | Found a runed translucent gate.
 10923 | Gauntlet | Found a transporter.
 10923 | Gauntlet | Found a runed translucent gate.
 10924 | Gauntlet | Found a runed translucent gate.
 10925 | Gauntlet | Found a large runed translucent door.
 10925 | Gauntlet | Found a large runed translucent door.
 10926 | Gauntlet | Found a large runed translucent door.
 10927 | Gauntlet | Found a large runed translucent door.
 10938 | Gauntlet | Found a large runed translucent door.
 10938 | Gauntlet | Found a large runed translucent door.
 10938 | Gauntlet | Found a runed translucent door.
 10939 | Gauntlet | Found a large runed translucent door.
 10940 | Gauntlet | Found a large runed translucent door.
 10942 | Gauntlet | Found a transporter.
 10945 | Gauntlet | Found a transporter.
 10945 | Gauntlet | Noticed a two-headed ogre
 10946 | Gauntlet | Noticed a death ooze
 10955 | Gauntlet | Found a transporter.
 11007 | Gauntlet | Found a large runed translucent door.
 11008 | Gauntlet | Found a large runed translucent door.
 11009 | Gauntlet | Found a large runed translucent door.
 11009 | Gauntlet | Found a large runed translucent door.
 11009 | Gauntlet | Found a runed translucent door.
 11371 | Gauntlet | Identified a +2 pair of boots of running (You found it in a
                  | Gauntlet)
 11389 | Gauntlet | Identified the +0 shield of Muttered Phrases {Int+2}
 11389 | Gauntlet | Noticed a minotaur
 11406 | Gauntlet | Killed a minotaur
 11406 | Gauntlet | Reached ****** piety under Okawaru
 11406 | Gauntlet | Received a gift from Okawaru
 11420 | Gauntlet | Identified the Handbook of Instinct
 11449 | Gauntlet | Got a heavily runed ring mail
 11470 | Gauntlet | Identified the cursed +0 ring mail of Inviolability {rElec
                  | rPois rF- Str+6} (You found it in a Gauntlet)
 11592 | Gauntlet | Got a jewelled buckler
 11603 | Gauntlet | Identified the +3 buckler "Toykh" {rC+} (You found it in a
                  | Gauntlet)
 12376 | Lair:3   | Found a hole to the Spider Nest.
 12386 | Lair:3   | Reached skill level 5 in Dodging
 12416 | Lair:3   | Reached skill level 1 in Invocations
 12443 | Lair:3   | Reached skill level 14 in Shields
 13202 | Lair:4   | Reached XP level 13. HP: 111/115 MP: 11/13
 13290 | Lair:4   | Received a gift from Okawaru
 13394 | Lair:4   | Reached skill level 1 in Maces & Flails
 13657 | Lair:4   | Found a staircase to the Swamp.
 14689 | D:13     | Received a gift from Okawaru
 14689 | D:13     | Reached skill level 15 in Shields
 14839 | D:13     | Killed from afar by a meliai

Levels and vault maps discovered:
D:1:      lemuel_arrival_river_ford, layout_loops_ring, minivault_4,
          grunt_decor_one_mirror, minmay_hexomino_f4
D:2:      layout_loops_ring
D:3:      layout_basic, minmay_misc_feat_plants, minmay_stone_trees_small,
          mrwooster_statue_mirror
D:4:      layout_cave_pools, temple_green, grunt_dithmenos_smoke_and_mirrors,
          uniq_sigmund
D:5:      layout_loops_cross, first_ration, serial_shops, kennysheep_little_box,
          shop_statue, uniq_blork_the_orc, uniq_menkaure
D:6:      layout_loops_ring, kennysheep_mini_moat, ebering_ghost_rock_garden,
          uniq_pikel
D:7:      layout_basic, kennysheep_generic_room_10
D:8:      layout_basic, hangedman_little_slice_of_home
D:9:      layout_rooms, fountainhead, wad_dig_loot, uniq_maurice
D:10:     layout_basic, orc_0_dummy
D:11:     layout_roguey, due_lair_maze_entry_diamond, serial_shops,
          nicolae_shop_stone, minmay_hollow_rounded_squares, uniq_erolcha
D:12:     layout_long_grid
D:13:     layout_roguey, hangedman_vaults_entry_quadrant_bands,
          hangedman_feature_mirror
Temple:   nicolae_temple_the_god_donut
Lair:1:   layout_regular_city, beast_lair_carwin_2, grunt_megastairs_4
Lair:2:   layout_hall_layers, gauntlet_entry_generic
Lair:3:   layout_misc_corridors, spider_nest_entry_a, minivault_25
Lair:4:   layout_cave_pods, skrybe_swamp_entry_bodies, minmay_holes

Skill      XL: |  1  2  3  4  5  6  7  8  9 10 11 12 13 |
---------------+----------------------------------------+-----
Fighting       | 4 5 6 7 9 10 11 | 11.6
Shields        | 4 5 6 7 9 11 12 14 15 | 15.1
Armour         | 4 5 6 7 8 10 11 12 | 12.0
Long Blades    | 3 4 5 6 8 10 11 13 14 | 14.6
Dodging        | 1 2 3 4 5 |  5.3
Evocations     | 1 2 |  2.1
Stealth        | 1 |  1.4
Invocations    | 1 |  1.6
Maces & Flails | 2 |  2.9

Action                   |  1- 3 |  4- 6 |  7- 9 | 10-12 | 13-15 || total
-------------------------+-------+-------+-------+-------+-------++-------
Melee: Long sword        |   109 |   142 |   342 |  1025 |   203 ||  1821
       Headbutt          |    22 |    23 |    88 |   232 |    71 ||   436
       Demon blade       |       |       |       |       |    33 ||    33
       Whip              |       |       |       |       |    19 ||    19
Invok: Heroism           |       |       |     1 |    10 |     5 ||    16
Evoke: Wand              |       |     6 |     4 |     5 |       ||    15
  Use: Scroll            |       |     7 |    10 |     8 |     3 ||    28
       Potion            |       |       |     1 |     1 |     2 ||     4
  Eat: Chunk             |       |     5 |     8 |    15 |     7 ||    35
       Ration            |       |       |       |     4 |       ||     4
Armor: Scale mail        |    67 |     2 |       |       |       ||    69
       Chain mail        |       |    88 |   120 |   374 |       ||   582
       Plate armour      |       |       |       |     6 |    98 ||   104
Dodge: Dodged            |    51 |    42 |   107 |   318 |    96 ||   614
Block: Shield            |    73 |    90 |   207 |   604 |   179 ||  1153
       Rpst.: Long sword |    18 |    15 |    19 |    65 |    14 ||   131
       Demon blade       |       |       |       |       |     3 ||     3

Table legend:
 A = Non-vault XP
 B = Vault XP
 C = Vault XP percentage of total XP
 D = Non-vault monster count
 E = Vault monster count
 F = Vault count percentage of total count
                 A         B        C        D         E       F
            +---------+---------+-------+---------+---------+-------
      Total |   38152 |   13435 |  26.0 |     379 |      66 |  14.8
            +---------+---------+-------+---------+---------+-------
        D:1 |      44 |       5 |  10.2 |      24 |       4 |  14.3
        D:2 |      67 |       0 |   0.0 |      29 |       0 |   0.0
        D:3 |     188 |       0 |   0.0 |      20 |       0 |   0.0
        D:4 |     290 |     212 |  42.2 |      13 |       1 |   7.1
        D:5 |    1097 |     279 |  20.3 |      28 |       2 |   6.7
        D:6 |     879 |     651 |  42.5 |       9 |       1 |  10.0
        D:7 |    1408 |      88 |   5.9 |      40 |       1 |   2.4
        D:8 |    1330 |     163 |  10.9 |      19 |       8 |  29.6
        D:9 |    2957 |     685 |  18.8 |      38 |       3 |   7.3
       D:10 |    2232 |       0 |   0.0 |      25 |       0 |   0.0
       D:11 |    3036 |    4322 |  58.7 |      22 |      20 |  47.6
       D:12 |    5373 |       0 |   0.0 |      23 |       0 |   0.0
       D:13 |    5496 |    1242 |  18.4 |      27 |       5 |  15.6
     Lair:1 |     694 |    1705 |  71.1 |       4 |       5 |  55.6
     Lair:2 |    1293 |       0 |   0.0 |       9 |       0 |   0.0
     Lair:3 |    4839 |     738 |  13.2 |      20 |       3 |  13.0
     Lair:4 |    6929 |     498 |   6.7 |      29 |       2 |   6.5
   Gauntlet |       0 |    2847 | 100.0 |       0 |      11 | 100.0
            +---------+---------+-------+---------+---------+-------
